Map: Pillars of Gold LE

Players

BerserK

  • Race: Protoss Protoss
  • League: Diamond
  • Spawn Location: 7:00

Zaechus - Winner!

  • Race: Terran Terran
  • League: Diamond
  • Spawn Location: 1:00

VOD

Have the link to the VOD?

Description

Time

  • Played on: Aug. 4, 2020, 5:27 p.m.
  • Length: 8:25
Show
View Real Time Build Order
Export as new Build Order

BerserK Protoss 

Build Orders:  

Get SALT Encoding   

  12  0:00  Probe  
  13  0:12  Probe  
  14  0:18  Pylon  
  14  0:27  Probe  
  15  0:36  Gateway  
  15  0:42  Probe (Chrono Boost)  
  16  0:51  Probe (Chrono Boost)  
  16  0:52  Assimilator  
  16  0:56  Probe (Chrono Boost)  
  18  1:08  Probe  
  19  1:20  Probe  
  19  1:23  Cybernetics Core  
  20  1:29  Assimilator  
  20  1:32  Probe  
  21  1:35  Gateway  
  21  1:39  Pylon  
  21  1:44  Probe  
  22  1:57  Probe  
  22  1:58  Gateway  
  22  2:01  Warp Gate (Chrono Boost)  
  23  2:10  Stalker  
  23  2:13  Probe  
  26  2:25  Robotics Facility  
  26  2:32  Pylon  
  26  2:35  Probe  
  27  2:44  Stalker  
  27  2:48  Sentry  
  31  2:53  Zealot  
  33  3:04  Probe  
  34  3:08  Pylon  
  34  3:18  Warp Prism  
  36  3:34  Stalker x2  
  40  3:42  Stalker  
  40  3:48  Pylon  
  42  4:05  Zealot  
  42  4:06  Zealot x2  
  48  4:15  Probe  
  39  4:28  Stalker x2  
  43  4:42  Stalker  
  45  4:57  Stalker  
  45  4:58  Stalker  
  43  5:18  Stalker  
  43  5:21  Zealot x2  
  39  5:35  Probe  
  30  5:43  Stalker x3  
  36  5:55  Immortal (Chrono Boost)  
  36  5:56  Forge  
  40  6:07  Stalker x2  
  43  6:14  Pylon  
  43  6:20  Zealot  
  45  6:33  Stalker  
  45  6:38  Stalker  
  37  7:03  Stalker  
  39  7:12  Stalker x2  
Show
View Real Time Build Order
Export as new Build Order

Zaechus Terran - Winner!

Build Orders: 1/1/1 

Get SALT Encoding   

  12  0:00  SCV  
  13  0:12  SCV  
  14  0:18  Supply Depot  
  14  0:24  SCV  
  15  0:29  Refinery  
  15  0:39  SCV  
  16  0:45  Barracks  
  16  0:51  SCV  
  16  0:57  Refinery  
  17  1:03  SCV  
  18  1:15  SCV  
  19  1:32  Orbital Command  
  19  1:33  Marine  
  19  1:39  Factory  
  20  1:51  Marine  
  20  1:53  Supply Depot  
  21  1:57  SCV  
  22  2:09  Marine  
  23  2:16  SCV  
  24  2:25  Starport  
  24  2:30  Factory Tech Lab, Marine  
  24  2:32  SCV  
  24  2:36  Supply Depot  
  26  2:48  Marine  
  26  2:49  Siege Tank  
  30  3:05  Fusion Core, Marine  
  30  3:06  Starport Tech Lab  
  31  3:23  Supply Depot, Marine  
  32  3:33  Hellion  
  34  3:41  Marine  
  35  3:52  Battlecruiser  
  41  3:58  Hellion  
  41  3:59  Marine  
  41  4:32  Marine, Hellion  
  44  4:50  Marine  
  43  4:53  Hellion  
  36  5:22  SCV  
  36  5:25  Battlecruiser  
  37  5:34  Marine  
  37  5:35  Hellion  
  35  5:37  SCV  
  34  5:49  SCV  
  35  5:57  Supply Depot  
  35  6:01  SCV  
  36  6:13  SCV  
  37  6:18  Marine  
  37  6:19  Hellion  
  40  6:25  SCV  
  40  6:26  Supply Depot  
  40  6:30  Battlecruiser  
  47  6:48  SCV  
  48  7:23  SCV  
  49  7:32  Marine  
  49  7:34  Hellion  
  49  7:35  SCV  
  59  7:47  SCV  
  59  7:50  Marine  
  61  7:55  Hellion  
Tags
 
Add a new tag
Caveats
  • Supply blocks, unpowered buildings, or Contaminate may cause inaccurate times.
  • Supply counts are checked every 10 seconds.